 Dungeon Crawl Stone Soup version 0.28.0-47-ge53b351184 (webtiles) character file.

Game seed: 4258076416908994607

1885 firemarshallily the Chopper (level 8, -6/97 HPs)
             Began as a Demonspawn Fighter on Apr 28, 2022.
             Was a Priest of Dithmenos.
             Mangled by an orc warrior
             ... wielding a +0 halberd
              (11 damage)
             ... on level 6 of the Dungeon.
             The game lasted 00:23:00 (6908 turns).

firemarshallily the Chopper (Demonspawn Fighter)    Turns: 6908, Time: 00:23:00

Health: -6/97      AC:  8    Str: 19    XL:     8   Next: 92%
Magic:  8/8        EV:  9    Int: 10    God:    Dithmenos [***...]
Gold:   435        SH:  4    Dex: 12    Spells: 7/7 levels left

rFire   + . .      SeeInvis .   a - +0 war axe (drain)
rCold   . . .      Faith    .   c - +0 buckler
rNeg    . . .      Spirit   .   b - +0 scale mail
rPois   .          Reflect  .   (no helmet)
rElec   .          Harm     .   (no cloak)
rCorr   .          Rampage  .   (no gloves)
Will    .....                   (no boots)
Stlth   ..........              (no amulet)
HPRegen 0.26/turn               m - ring of protection from fire
MPRegen 0.11/turn               (no ring)

@: berserking, wreathed by umbra, very quick
A: foul stench 2, spiny 1, sharp scales 1
a: Renounce Religion, Shadow Step


You were on level 6 of the Dungeon.
You worshipped Dithmenos.
Dithmenos was most pleased with you.
You visited 1 branch of the dungeon, and saw 9 of its levels.

You collected 435 gold pieces.

Inventory:

Hand Weapons
 a - a +0 war axe of draining (weapon)
 n - the +8 rapier of Broken Luck {flame, Will++ Int+4}
   (You found it on level 7 of the Dungeon)

   It burns those it strikes, dealing additional fire damage.
   Int:       It affects your intelligence (+4).
   Will:      It greatly increases your willpower.
Missiles
 e - a boomerang (quivered)
 i - 225 stones
 l - 2 poisoned darts
 t - a curare-tipped dart
Armour
 b - a +0 scale mail (worn)
 c - a +0 buckler (worn)
 h - a +0 helmet
Jewellery
 m - a ring of protection from fire (left hand)
Wands
 j - a wand of iceblast (7)
 r - a wand of paralysis (9)
Scrolls
 d - a scroll of enchant weapon
 f - a scroll of fog {unknown}
 s - 2 scrolls of identify
Potions
 g - 2 potions of magic
 k - a potion of might
 o - a potion of brilliance
 p - 3 potions of flight


   Skills:
 + Level 6.5 Fighting
 * Level 7.5 Axes
 + Level 5.9 Armour
 - Level 3.0 Shields


You had 7 spell levels left.
You didn't know any spells.
Your spell library contained the following spells:

 Spells                   Type           Power      Damage    Failure   Level
 Freeze                   Ice            0%         1d3       80%         1
 Sting                    Tmut/Pois      0%         1d3       80%         1
 Poisonous Vapours        Pois/Air       0%         N/A       91%         2
 Frozen Ramparts          Ice            0%         1d2       99%         3
 Hailstorm                Conj/Ice       0%         3d3       100%        4
 Ice Form                 Ice/Tmut       0%         N/A       100%        4
 Olgreb's Toxic Radiance  Pois           0%         N/A       100%        4
 Summon Ice Beast         Ice/Summ       0%         N/A       100%        4


Dungeon Overview and Level Annotations

Branches:
Dungeon (9/15)             Temple (0/1) D:7
   Lair: D:8-11         Orc: D:9-12

Altars:
Ashenzari
Dithmenos

Shops:
D:6 !*((


Innate Abilities, Weirdness & Mutations

You sometimes emit foul miasma when damaged in melee.
You are partially covered in sharp spines.
You are partially covered in razor-sharp scales. (AC +1, Slay +1)


Message History

You hit something but do no damage. Something hits you.
The orc priest is struck by your spines.
The orc priest hits you with a +0 trident.
The orc warrior hits you from afar with a +0 halberd!
You block something's attack.
The orc priest hits you but does no damage.
You closely miss something.
The orc warrior hits you from afar with a +0 halberd.
Something hits you but does no damage.
The orc priest is struck by your spines.
You kill the orc priest!
Dithmenos accepts your kill.
You slash the orc!
You kill the orc!
Dithmenos accepts your kill.
You hit the adder. You drain the adder. The adder bites you.
* * * LOW HITPOINT WARNING * * *
A red film seems to cover your vision as you go berserk!
You feel yourself moving faster!
You feel mighty! The adder closely misses you.
The orc warrior hits you from afar with a +0 halberd.
* * * LOW HITPOINT WARNING * * *
The adder bites you but does no damage.
You slice the adder!!
You kill the adder!
Dithmenos accepts your kill.
You closely miss the adder. The adder is struck by your spines.
The adder bites you but does no damage.
The orc warrior hits you from afar with a +0 halberd!
* * * LOW HITPOINT WARNING * * *
The adder is struck by your spines.
You kill the adder!
Dithmenos accepts your kill.
You closely miss the adder.
The adder is lightly wounded.
You closely miss the adder.
The adder is lightly wounded.
The adder is struck by your spines. The adder bites you.
* * * LOW HITPOINT WARNING * * *
The orc warrior hits you from afar with a +0 halberd!
You die...

######+##
#..........#
#..........#
#..........#
##..........#
#...........#
#.##'##.....#
#.#≈≈B#..)S@######
##.#≈≈B#.##.........
...#≈.≈#..o..∩......
##
#.#≈≈≈#.##...<.....
..
##.#≈≈≈#.##.........
..
##..#####.##.########
.. +.........##.# ..
##......##.# ..
###.....###.#


You could see an orc warrior, an adder and 2 giant cockroaches.

Vanquished Creatures
  Grinder (D:5)
  Prince Ribbit (D:8)
  A shadow (D:6)
  Edmund (D:5)
  Duvessa (D:5)
  2 sky beasts
  2 necrophages
  2 kobold brigands
  A phantom (D:5)
  A bullfrog (D:6)
  Dowan (D:5)
  A centaur zombie (D:5)
  A hound (D:6)
  An orc priest (D:6)
  A gnoll shaman (D:8)
  An iguana (D:6)
  An orc wizard (D:2)
  A killer bee zombie (D:7)
  A hound zombie (D:5)
  A howler monkey skeleton (D:4)
  12 adders
  An ufetubus (D:6)
  3 worms
  2 dart slugs
  12 orcs
  3 bats
  An endoplasm (D:4)
  A giant cockroach (D:3)
  7 goblins
  7 hobgoblins
  2 jackals (D:5)
  5 quokkas
  7 ball pythons
  A frilled lizard (D:3)
  12 kobolds
  4 rats
103 creatures vanquished.

Vanquished Creatures (others)
  15 plants (D:9)
15 creatures vanquished.

Grand Total: 118 creatures vanquished

Notes
Turn   | Place    | Note
-------+----------+-------------------------------------------
     0 | D:1      | firemarshallily the Demonspawn Fighter began the quest for
                  | the Orb.
     0 | D:1      | Reached XP level 1. HP: 18/18 MP: 1/1
   873 | D:2      | Reached skill level 2 in Axes
   876 | D:2      | Gained mutation: You may rarely emit foul miasma when
                  | damaged in melee. [demonic ancestry]
   876 | D:2      | Reached XP level 2. HP: 22/24 MP: 2/2
   931 | D:2      | Gained mutation: You are partially covered in sharp spines.
                  | [demonic ancestry]
   931 | D:2      | Reached XP level 3. HP: 9/29 MP: 3/3
  1413 | D:2      | HP: 1/29 [something (1)]
  1415 | D:2      | Gained mutation: You are partially covered in razor-sharp
                  | scales. (AC +1, Slay +1) [demonic ancestry]
  1415 | D:2      | Reached XP level 4. HP: 1/35 MP: 4/4
  1862 | D:2      | Found a faded altar of an unknown god.
  1872 | D:2      | Prayed at the altar of an unknown god.
  1872 | D:2      | Became a worshipper of Dithmenos the Shadowed
  1872 | D:2      | Reached * piety under Dithmenos
  1902 | D:2      | Found a broken altar of Ashenzari.
  2121 | D:3      | Reached skill level 3 in Axes
  2648 | D:3      | Reached XP level 5. HP: 23/42 MP: 5/5
  3419 | D:4      | Reached ** piety under Dithmenos
  3487 | D:4      | Noticed a necrophage
  3497 | D:4      | Killed a necrophage
  3612 | D:4      | Reached skill level 4 in Axes
  3612 | D:4      | Reached XP level 6. HP: 47/48 MP: 6/6
  4202 | D:5      | Entered Level 5 of the Dungeon
  4276 | D:5      | Noticed Grinder
  4280 | D:5      | Paralysed by Grinder for 5 turns
  4293 | D:5      | Killed Grinder
  4462 | D:5      | Reached XP level 7. HP: 55/55 MP: 7/7
  4519 | D:5      | Reached skill level 5 in Axes
  4906 | D:5      | Noticed Duvessa
  4907 | D:5      | Noticed Dowan
  4913 | D:5      | Killed Duvessa
  4914 | D:5      | Reached skill level 5 in Fighting
  4919 | D:5      | Killed Dowan
  4991 | D:5      | Noticed Edmund
  5006 | D:5      | HP: 3/63 [Edmund/+4 dire flail of draining (6)]
  5008 | D:5      | Killed Edmund
  5721 | D:6      | Found Pabb's Distillery.
  5758 | D:6      | You fall into a shaft and drop 3 floors!
  5788 | D:9      | Reached skill level 6 in Axes
  5788 | D:9      | Reached skill level 5 in Armour
  5788 | D:9      | Gained mutation: You sometimes emit foul miasma when
                  | damaged in melee. [demonic ancestry]
  5788 | D:9      | Reached XP level 8. HP: 35/62 MP: 8/8
  6172 | D:8      | Noticed Prince Ribbit
  6189 | D:8      | Killed Prince Ribbit
  6203 | D:7      | Found a staircase to the Ecumenical Temple.
  6296 | D:7      | Identified the +8 rapier of Broken Luck {flame, Will++
                  | Int+4}
  6452 | D:6      | Reached skill level 7 in Axes
  6490 | D:6      | Paralysed by a kobold brigand for 6 turns
  6501 | D:6      | Paralysed by a kobold brigand for 7 turns
  6512 | D:6      | Reached *** piety under Dithmenos
  6534 | D:6      | Found Efaom's Weapon Boutique.
  6601 | D:6      | Found Ugeuty's Weapon Emporium.
  6892 | D:6      | Found Uriebag's General Store.
  6908 | D:6      | Mangled by an orc warrior

Illustrated notes

Levels and vault maps discovered:
D:1:      shiori_shiawase, layout_basic, chequers_serial_rivers_room_a
D:2:      layout_basic, basic_altar, hellmonk_ecumenical_altar_run_dry
D:3:      layout_basic, serial_corexii_hall, corexii_hall_statues_l,
          corexii_hall_statues_s, minmay_fractal_squares_diagonal_5
D:4:      layout_cave_pods, kennysheep_nondescript
D:5:      layout_basic, uniq_duvessa, uniq_edmund, uniq_grinder
D:6:      layout_basic, serial_shops, nicolae_shop_statue_plus,
          nicolae_shop_stone, nicolae_shop_statue_plus, shop,
          nicolae_shop_crystal, gup_sewer_entry_glass
D:7:      layout_layer_cave, minmay_temple_entry_from_below_a,
          ebering_ghost_reflecting_pool, hangedman_glass_teeth
D:8:      layout_basic, kennysheep_small_square, uniq_prince_ribbit1
D:9:      layout_loops_ring, david_lair_shrubbed

Skill      XL: |  1  2  3  4  5  6  7  8 |
---------------+-------------------------+-----
Axes           | 2 3 4 6 7 |  7.5
Armour         | 3 4 5 |  5.9
Shields        | 3 |  3.0
Fighting       | 4 5 6 |  6.5

Action                   |  1- 3 |  4- 6 |  7- 9 || total
-------------------------+-------+-------+-------++-------
Melee: War axe           |    71 |   110 |   102 ||   283
Throw: Stone             |     1 |       |       ||     1
       Boomerang         |    10 |    25 |    12 ||    47
  Use: Scroll            |     5 |     1 |    10 ||    16
       Potion            |     1 |     1 |     5 ||     7
Armor: Scale mail        |    36 |    52 |    42 ||   130
Dodge: Dodged            |    32 |    41 |    43 ||   116
Block: Buckler           |    17 |    27 |    19 ||    63
